 Dungeon Crawl Stone Soup version 0.17-a0-1149-ga0dc056 (webtiles) character file.

2555 AnnoyedKobold the Frost Mage (level 9, -1/62 HPs)
             Began as a Mottled Draconian Ice Elementalist on May 27, 2015.
             Was an Elder of Sif Muna.
             Slain by a killer bee (9 damage)
             ... on level 7 of the Dungeon.
             The game lasted 00:34:13 (7511 turns).

AnnoyedKobold the Frost Mage (DrIE)                 Turns: 7511, Time: 00:34:13

Health: -1/62      AC: 14    Str:  8 (9)  XL:     9   Next: 31%
Magic:  1/21       EV: 12    Int: 22      God:    Sif Muna [****..]
Gold:   269        SH:  0    Dex: 16      Spells: 3 memorised, 16 levels left

rFire  . . .     SeeInvis .     z - +0 whip (elec)
rCold  . . .     Clarity  +     (armour unavailable)
rNeg   . . .     SustAt   .     (no shield)
rPois  .         Gourm    .     (helmet restricted)
rElec  .         Spirit   .     (no cloak)
rCorr  .         Warding  .     (no gloves)
rMut   .         Stasis   .     y - +0 pair of boots
MR     .....                    i - amulet of clarity
Stlth  ++........               k - +4 ring of dexterity
                                f - +4 ring of intelligence

@: lethally poisoned (-1 -> -13), icy armour, not resistant to hostile
enchantments, unstealthy
A: breathe sticky flame splash, unfitting armour, deterioration 1, regeneration
1, weak 1, cold-blooded, subdued magic 1, AC +7
a: Breathe Sticky Flame, Channel Energy, Forget Spell, Renounce Religion


You were on level 7 of the Dungeon.
You worshipped Sif Muna.
Sif Muna was greatly pleased with you.
You were hungry.

You visited 1 branch of the dungeon, and saw 7 of its levels.

You collected 269 gold pieces.

Inventory:

Hand weapons
 z - a +0 whip of electrocution (weapon)
Missiles
 h - 5 javelins of returning (quivered)
Armour
 y - a +0 pair of boots (worn)
Jewellery
 f - a +4 ring of intelligence (left hand)
 i - an amulet of clarity (around neck)
 k - a +4 ring of dexterity (right hand)
 p - an uncursed amulet of resist mutation
Magical devices
 e - a wand of polymorph (0)
 w - a wand of fire (8)
Scrolls
 c - a scroll of enchant armour
 d - a scroll of blinking {unknown}
 g - a scroll of fear
 j - 2 scrolls of magic mapping
 l - 2 scrolls of remove curse {unknown}
 m - 2 scrolls of enchant weapon {unknown}
 r - a scroll of immolation {unknown}
 u - a scroll of identify
Potions
 o - a potion of resistance
 s - 2 potions of flight
Books
 a - a book of Frost

   Spells                             Type                      Level
   a - Freeze                         Ice                          1
   b - Throw Frost                    Conjuration/Ice              2
   c - Ozocubu's Armour               Charms/Ice                   3
   d - Throw Icicle                   Conjuration/Ice              4
   e - Summon Ice Beast               Ice/Summoning                4
   f - Condensation Shield            Ice                          4
 n - a book of Clouds

   Spells                             Type                      Level
   a - Mephitic Cloud                 Conjuration/Poison/Air       3
   b - Conjure Flame                  Conjuration/Fire             3
   c - Poisonous Cloud                Conjuration/Poison/Air       6
   d - Freezing Cloud                 Conjuration/Ice/Air          6
   e - Ring of Flames                 Charms/Fire                  7
Comestibles
 b - 4 bread rations
 q - a fruit
 v - a beef jerky
 x - a meat ration
 A - a royal jelly


   Skills:
 - Level 1.8 Dodging
 - Level 1.7 Stealth
 * Level 8.4 Spellcasting
 - Level 1.0 Conjurations
 * Level 9.5 Ice Magic


You had 16 spell levels left.
You knew the following spells:

 Your Spells              Type           Power        Failure   Level  Hunger
a - Freeze                Ice            ####         1%          1    None
b - Ozocubu's Armour      Chrm/Ice       ###.....     1%          3    None
c - Throw Icicle          Conj/Ice       ###.....     5%          4    ###....


Dungeon Overview and Level Annotations

Branches:
Dungeon (7/15)             Temple (0/1) D:6

Altars:
Sif Muna
Trog


Innate Abilities, Weirdness & Mutations

You can spit globs of burning liquid.
You can ignite nearby creatures when you spit burning liquid.
Your weird mottled scales are hard (AC +7).
Your body does not fit into most forms of armour.
You are cold-blooded and may be slowed by cold attacks.
Your body sometimes deteriorates upon taking damage.
Your natural rate of healing is unusually fast.
You are weak. (Str -2)
Your spells are a little easier to cast, but a little less powerful.


Message History

You feel sick. The killer bee misses you.
Casting: Freeze
Confirm with . or Enter, or press ? or * to list all spells.
Aiming: Freeze
Press: ? - help, Shift-Dir - straight line, f/p - killer bee
Aim: a killer bee (almost dead)
You freeze the killer bee.
You kill the killer bee!
* * * LOW HITPOINT WARNING * * *
You feel sick. The killer bee closely misses you.
Casting: Freeze
Confirm with . or Enter, or press ? or * to list all spells.
Aiming: Freeze
Press: ? - help, Shift-Dir - straight line, f - killer bee
Aim: a killer bee You freeze the killer bee.
The killer bee is heavily wounded.
* * * LOW HITPOINT WARNING * * *
You feel sick. The killer bee stings you!
You die...

#.###.#.#
#####. #.#
#.#.#####.....
#†#
#.#.......###.
#.#
#.###########.
#.# #..... #.#
#.#### #.# #y#
#@# #[# #.#
..# ### # .


You could see a killer bee.

Vanquished Creatures
  Prince Ribbit (D:7)
  A troll (D:7)
  Edmund (D:5)
  3 sky beasts
  A wasp (D:7)
  A black bear (D:4)
  An ogre (D:4)
  A centaur (D:5)
  2 giant frogs
  3 scorpions
  5 killer bees (D:7)
  A crimson imp (D:7)
  2 orc priests
  9 orc wizards
  4 hounds
  2 jellies
  A gnoll shaman (D:4)
  The ghost of ooparts the Scratcher, a weakling FeTm (D:3)
  Jessica (D:2)
  3 iguanas
  8 adders
  5 gnolls
  A shadow imp (D:7)
  An ooze (D:1)
  2 worms
  2 giant geckos
  22 orcs
  12 bats
  3 giant cockroaches
  8 goblins
  12 hobgoblins
  20 jackals
  4 quokkas
  9 giant newts
  A jackal skeleton (D:5)
  13 kobolds
  9 rats
176 creatures vanquished.

Notes
Turn   | Place    | Note
--------------------------------------------------------------
     0 | D:1      | AnnoyedKobold the Draconian Ice Elementalist began the quest for the Orb.
     0 | D:1      | Reached XP level 1. HP: 14/14 MP: 3/3
   403 | D:1      | Reached XP level 2. HP: 12/20 MP: 0/5
   818 | D:1      | Reached XP level 3. HP: 26/26 MP: 6/6
  1060 | D:1      | Reached skill level 4 in Ice Magic
  1599 | D:2      | Learned a level 3 spell: Ozocubu's Armour
  1660 | D:2      | Reached XP level 4. HP: 33/33 MP: 5/8
  1865 | D:2      | Noticed Jessica
  1872 | D:2      | Killed Jessica
  2030 | D:2      | Found a deep blue altar of Sif Muna.
  2036 | D:2      | Became a worshipper of Sif Muna the Loreminder
  2213 | D:2      | Learned a level 4 spell: Throw Icicle
  2373 | D:3      | Reached XP level 5. HP: 26/38 MP: 5/10
  2450 | D:3      | Noticed ooparts's ghost (weakling FeTm)
  2455 | D:3      | Killed ooparts's ghost
  2824 | D:3      | Reached skill level 5 in Ice Magic
  3065 | D:3      | Acquired Sif Muna's first power
  3065 | D:3      | Reached XP level 6. HP: 42/45 MP: 8/12
  3468 | D:3      | You fall through a shaft for 3 floors!
  3468 | D:6      | Found a staircase to the Ecumenical Temple.
  3626 | D:6      | Reached skill level 6 in Ice Magic
  3631 | D:6      | Gained mutation: Your body sometimes deteriorates upon taking damage. [mutagenic meat]
  3633 | D:6      | Gained mutation: Your spells are a little easier to cast, but a little less powerful. [mutagenic meat]
  3634 | D:6      | Gained mutation: You are weak. (Str -2) [mutagenic meat]
  3668 | D:5      | Entered Level 5 of the Dungeon
  3677 | D:5      | Reached skill level 5 in Spellcasting
  3677 | D:5      | Your scales start taking on a weird mottled colour.
  3677 | D:5      | Reached XP level 7. HP: 43/50 MP: 2/14
  4304 | D:5      | Acquired Sif Muna's second power
  4304 | D:5      | Reached skill level 7 in Ice Magic
  4375 | D:5      | Gained mutation: Your natural rate of healing is unusually fast. [mutagenic meat]
  4553 | D:5      | Noticed Edmund
  4567 | D:5      | Killed Edmund
  4567 | D:5      | Reached XP level 8. HP: 51/57 MP: 1/17
  5869 | D:4      | Reached skill level 8 in Ice Magic
  7011 | D:7      | Noticed Prince Ribbit
  7022 | D:7      | Killed Prince Ribbit
  7022 | D:7      | Acquired Sif Muna's third power
  7022 | D:7      | Reached skill level 9 in Ice Magic
  7022 | D:7      | Reached XP level 9. HP: 29/62 MP: 11/20
  7235 | D:7      | Paralysed by a wasp for 1 turns
  7363 | D:7      | Found a bloodstained altar of Trog.
  7372 | D:7      | Noticed a troll
  7380 | D:7      | Killed a troll
  7511 | D:7      | Slain by a killer bee

Vault maps used:
D:1:      dpeg_arrival_signposts
D:2:      led_sif_pool, hex_medium, uniq_jessica
D:4:      black_bear_nest_1
D:5:      first_bread, serial_glass, glass_columns_c, glass_columns_a,
          glass_columns_a, glass_columns_a, uniq_edmund
D:6:      vehumet_altar_wand_db, minmay_temple_entry_glass, serial_shops,
          kennysheep_mini_moat, serial_corexii_hall, corexii_hall_statues_i,
          corexii_hall_statues_s
D:7:      bloody_trog, grunt_livestock, uniq_prince_ribbit1

Action                   |  1- 3 |  4- 6 |  7- 9 || total
-------------------------+-------+-------+-------++-------
Melee: Whip              |    56 |    51 |    28 ||   135
Throw: Javelin           |     6 |       |       ||     6
 Cast: Freeze            |    47 |    83 |   185 ||   315
       Ozocubu's Armour  |       |     3 |    10 ||    13
       Throw Icicle      |       |       |    25 ||    25
Invok: Channel Energy    |       |     1 |     3 ||     4
 Abil: Breathe Sticky Fl |       |       |     4 ||     4
Evoke: Wand              |       |       |     4 ||     4
  Use: Scroll            |       |     2 |     6 ||     8
       Potion            |       |     2 |     1 ||     3
 Stab: Sleeping          |       |     3 |       ||     3
       Distracted        |       |       |     1 ||     1
  Eat: Fruit             |     3 |     2 |     1 ||     6
       Chunk             |     1 |     8 |    12 ||    21
       Beef jerky        |       |       |     1 ||     1
       Royal jelly       |       |       |     1 ||     1
